 Dungeon Crawl Stone Soup version 0.28.0-53-g5a82cb258f (webtiles) character file.

Game seed: 11546794647806686753

417 gobodom the Conjurer (level 6, 0/39 HPs)
             Began as an Octopode Conjurer on June 22, 2022.
             Slain by a gnoll
             ... wielding a +0 halberd
              (4 damage)
             ... on level 4 of the Dungeon.
             The game lasted 00:15:29 (3275 turns).

gobodom the Conjurer (Octopode Conjurer)            Turns: 3275, Time: 00:15:30

Health: 0/39       AC:  5    Str:  8    XL:     6   Next: 92%
Magic:  4/9        EV: 13    Int: 21    God:
Gold:   110        SH:  0    Dex: 10    Spells: 2/10 levels left

rFire   + . .      SeeInvis .   a - staff of fire
rCold   . . .      Faith    .   (no shield)
rNeg    + . .      Spirit   .   (helmet restricted)
rPois   .          Reflect  .   o - amulet of magic regeneration
rElec   .          Harm     .   i - +4 ring of protection
rCorr   .          Rampage  .   m - ring of positive energy
Will    .....                   (no ring)
Stlth   +++.......              (no ring)
HPRegen 0.13/turn               (no ring)
MPRegen 0.51/turn               (no ring)
                                (no ring)
                                (no ring)

@: on blink cooldown
A: almost no armour, amphibious, 8 rings, camouflage 1, gelatinous body 1,
(nimble swimmer 1), tentacles
a: no special abilities


You were on level 4 of the Dungeon.
You visited 1 branch of the dungeon, and saw 4 of its levels.

You collected 110 gold pieces.

Inventory:

Hand Weapons
 p - a +1 dagger of draining
 q - a +2 spectral club
Magical Staves
 a - a staff of fire (weapon)
Jewellery
 i - a +4 ring of protection (left tentacle)
 m - a ring of positive energy (right tentacle)
 n - a ring of magical power
 o - an amulet of magic regeneration (around mantle)
Wands
 e - a wand of flame (15)
 l - a wand of charming (15)
Scrolls
 b - a scroll of enchant armour
 c - a scroll of teleportation
Potions
 d - a potion of flight
 f - a potion of resistance {unknown}
 g - a potion of attraction {unknown}
 h - 2 potions of curing {unknown}
 j - a potion of magic {unknown}
 k - a potion of heal wounds {unknown}


   Skills:
 * Level 1.8 Fighting
 * Level 1.5 Staves
 + Level 2.5 Dodging
 + Level 3.3 Stealth
 * Level 1.8 Unarmed Combat
 + Level 2.5 Spellcasting
 + Level 5.7 Conjurations
 + Level 0.1 Translocations
 * Level 1.9 Fire Magic
 * Level 1.8 Evocations


You had 2 spell levels left.
You knew the following spells:

 Your Spells              Type           Power      Damage    Failure   Level
a - Magic Dart            Conj           100%       1d8       1%          1
b - Searing Ray           Conj           52%        2d6       1%          2
c - Dazzling Flash        Conj/Hex       28%        N/A       13%         3
d - Blink                 Tloc           6%         N/A       21%         2

Your spell library contained the following spells:

 Spells                   Type           Power      Damage    Failure   Level
 Gell's Gravitas          Tloc           3%         N/A       36%         3
 Lesser Beckoning         Tloc           3%         N/A       36%         3
 Teleport Other           Tloc           3%         N/A       36%         3
 Iskenderun's Mystic Bla  Conj/Tloc      14%        2d5       38%         4
 Fulminant Prism          Conj/Hex       7%         3d7       41%         4
 Manifold Assault         Tloc           3%         N/A       98%         5
 Storm Form               Tmut/Air       1%         N/A       100%        7


Dungeon Overview and Level Annotations

Branches:
Dungeon (4/15)
 Temple: D:4-7

Altars:

Annotations:
D:2 Sigmund


Innate Abilities, Weirdness & Mutations

You cannot wear most types of armour.
You are amphibious.
You can wear up to eight rings at the same time.
Your skin changes colour to match your surroundings (Stealth+).
Your rubbery body absorbs attacks. (AC +1, EV +1)
((You are camouflaged when in or above water. (Stealth+)))
You have tentacles for arms and can constrict up to eight enemies at once.


Message History

Casting: Magic Dart (safe; 1% risk of failure)
Confirm with . or Enter, or press ? or * to list all spells.
Aiming: Searing Ray (safe; 1% risk of failure)
Press: ? - help, Shift-Dir - straight line, f/p - gnoll shaman
Aim: a gnoll shaman, wielding a +0 whip and wearing a +0 robe (severely wounded, 82% to hit)
The searing ray hits the gnoll shaman.
You kill the gnoll shaman! (Press . to maintain the ray.)
The searing ray misses the gnoll.
The searing ray misses the gnoll.
The gnoll barely misses you.
You finish channelling your searing ray.
The gnoll hits you from afar with a +0 spear.
The gnoll misses you. The gnoll closely misses you.
The gnoll hits you with a +0 spear.
You hit the gnoll but do no damage. You burn the gnoll. You grab the gnoll.
You squeeze the gnoll.
The gnoll is heavily wounded.
You constrict the gnoll. The gnoll closely misses you.
The gnoll hits you with a +0 spear. The gnoll barely misses you.
The gnoll misses you.
You hit the gnoll but do no damage.
The gnoll is heavily wounded.
You constrict the gnoll. The gnoll barely misses you.
The gnoll closely misses you. x2; The gnoll hits you with a +0 spear.
You hit the gnoll but do no damage.
The gnoll is severely wounded.
You constrict the gnoll. The gnoll misses you.
The gnoll hits you but does no damage.
The gnoll hits you from afar with a +0 halberd of freezing!
* * * LOW HITPOINT WARNING * * *
The gnoll freezes you.
* * * LOW HITPOINT WARNING * * *
The gnoll misses you. The gnoll hits you with a +0 spear.
* * * LOW HITPOINT WARNING * * *
Casting: Searing Ray (safe; 1% risk of failure)
Confirm with . or Enter, or press ? or * to list all spells.
You blink.
You lose your grip on the gnoll.
The gnoll shouts!
The gnoll hits you from afar with a +0 halberd.
You die...

#########........# #.###.##...
###......##........# #.# #.##...
#.'......##........# #.# #.####.
#.#......##....g...# #.# #..# #.
#.#.......#........###.####.###.
##.#.......#..............##..##.
...#.......#####'######...###.##.
####.......#####'######...# #..#.
# #.......##..)@....##...# ##.#.
# #.......##.g......##...# #... #
####'#####g.g.....##...# ##.. #
#.# #ยง#########...### #.. #
##'## #.# ###...###.. #
#...####.# #..('....
######........# #...####.
#..).'.....#### ##'## #.
#.####...#.# #...# ##


You could see 4 gnolls.

Vanquished Creatures
  Grinder (D:3)
  A jelly (D:4)
  A gnoll shaman (D:4)
  Jessica (D:3)
  A hound skeleton (D:4)
  Robin (D:3)
  A gnoll (D:4)
  5 adders
  4 endoplasms
  2 giant cockroaches (D:3)
  11 goblins
  5 hobgoblins
  10 jackals
  2 quokkas
  3 ball pythons
  8 bats
  2 frilled lizards (D:1)
  6 kobolds
  A quokka skeleton (D:4)
  2 rats
68 creatures vanquished.

Notes
Turn   | Place    | Note
-------+----------+-------------------------------------------
     0 | D:1      | gobodom the Octopode Conjurer began the quest for the Orb.
     0 | D:1      | Reached XP level 1. HP: 11/11 MP: 3/3
   428 | D:1      | Reached XP level 2. HP: 17/17 MP: 3/5
   638 | D:1      | Learned a level 2 spell: Searing Ray
  1149 | D:2      | Noticed Sigmund
  1457 | D:3      | Reached XP level 3. HP: 21/21 MP: 4/6
  1485 | D:3      | Reached skill level 5 in Conjurations
  1574 | D:3      | Noticed Grinder
  1607 | D:3      | HP: 1/21 [Grinder (4)]
  1608 | D:3      | Killed Grinder
  1609 | D:3      | Reached skill level 1 in Fighting
  1609 | D:3      | Reached skill level 1 in Staves
  1609 | D:3      | Reached skill level 1 in Unarmed Combat
  1609 | D:3      | Reached skill level 1 in Fire Magic
  1609 | D:3      | Reached skill level 1 in Evocations
  1609 | D:3      | Reached XP level 4. HP: 2/28 MP: 0/7
  1609 | D:3      | Reached XP level 5. HP: 2/33 MP: 0/8
  1609 | D:3      | Reached XP level 6. HP: 3/38 MP: 0/9
  1930 | D:3      | Noticed Robin
  1941 | D:3      | Killed Robin
  2289 | D:3      | Noticed Jessica
  2292 | D:3      | Killed Jessica
  2759 | D:4      | Learned a level 3 spell: Dazzling Flash
  2762 | D:4      | Learned a level 2 spell: Blink
  3275 | D:4      | Slain by a gnoll

Illustrated notes

Levels and vault maps discovered:
D:1:      lemuel_arrival_behind_the_door_large, layout_loops_corners
D:2:      layout_loops_ring, shapermc_ecumenical_altar_mp_urbaneastern,
          uniq_sigmund
D:3:      layout_loops_cross, uniq_jessica, uniq_grinder, uniq_robin
D:4:      layout_basic, grunt_ministairs_13

Skill      XL: |  1  2  3 |
---------------+----------+-----
Stealth        | 3 |  3.3
Conjurations   | 5 |  5.7
Fighting       | 1 |  1.8
Staves         | 1 |  1.5
Unarmed Combat | 1 |  1.8
Fire Magic     | 1 |  1.9
Evocations     | 1 |  1.8
Dodging        | |  2.5
Spellcasting   | |  2.5
Translocations | |  0.1

Action                   |  1- 3 |  4- 6 || total
-------------------------+-------+-------++-------
Melee: Unarmed           |     2 |       ||     2
       Tentacles         |     6 |    15 ||    21
       Short sword       |     3 |       ||     3
       Constrict         |     6 |    17 ||    23
       Punch             |     2 |     3 ||     5
       Staff             |    21 |    59 ||    80
 Cast: Magic Dart        |    49 |    44 ||    93
       Blink             |       |    10 ||    10
       Searing Ray       |       |     4 ||     4
  Use: Scroll            |     3 |     2 ||     5
Armor: Skin              |     6 |    17 ||    23
Dodge: Dodged            |    30 |    45 ||    75
